TOP OF THE 1ST |
New Hampshire Fisher Cats batting - Pitching for Key West Barracudas : RHP Wilson Flores
|
Pitching: RHP Wilson Flores
|
|
Batting: RHB Lu-fang Huie
|
0-0: Called Strike 0-1: Ball 1-1: Swinging Strike 1-2: Ball 2-2: Foul Ball, location: 2F 2-2: Strikes out swinging
|
Batting: RHB Matt Silver
|
0-0: Reached on error, E6 (Groundball, 6)
|
Batting: LHB Sam Barnes
|
0-0: Ball 1-0: Ball Matt Silver steals 2nd base 2-0: Ball 3-0: Called Strike 3-1: Foul Ball, location: 2F 3-2: Ground out 4-3 (Groundball, 4) Matt Silver to third
|
Batting: RHB Phil Matthews
|
0-0: Swinging Strike 0-1: Ball 1-1: Ground out 6-3 (Groundball, 6M)
|
Top of the 1st over - 0 run(s), 0 hit(s), 1 error(s), 1 left on base; New Hampshire 0 - Key West 0 |
BOTTOM OF THE 1ST |
Key West Barracudas batting - Pitching for New Hampshire Fisher Cats : RHP Ramón Pérez
|
Pitching: RHP Ramón Pérez
|
|
Batting: RHB Luis Pineda
|
0-0: Called Strike 0-1: Called Strike 0-2: Ball 1-2: Foul Ball, location: 2F 1-2: Strikes out swinging
|
Batting: RHB Zander Tremblett
|
0-0: Called Strike 0-1: Ball 1-1: Ball 2-1: Ball 3-1: Foul Ball, location: 2F 3-2: Base on Balls
|
Batting: RHB Carlos Miranda
|
0-0: Called Strike 0-1: Foul Ball, location: 2F 0-2: Strikes out swinging
|
Batting: RHB Ramiro Gámez
|
0-0: Foul Ball, location: 2F 0-1: Foul Ball, location: 2F 0-2: Ground out 6-3 (Groundball, 6)
|
Bottom of the 1st over - 0 run(s), 0 hit(s), 0 error(s), 1 left on base; New Hampshire 0 - Key West 0 |
TOP OF THE 2ND |
New Hampshire Fisher Cats batting - Pitching for Key West Barracudas : RHP Wilson Flores
|
Batting: RHB Sadao Kimura
|
0-0: Ball 1-0: Called Strike 1-1: Ground out 5-3 (Groundball, 56)
|
Batting: LHB Gustavo Lozano
|
0-0: Swinging Strike 0-1: Ball 1-1: Ball 2-1: Ball 3-1: Base on Balls
|
Batting: RHB Billy Campbell
|
0-0: Ball 1-0: Foul Ball, location: 2F 1-1: Ball 2-1: Foul Ball, location: 2F 2-2: DOUBLE (Line Drive, 78D) Gustavo Lozano to third
|
Batting: RHB Júlio Trinidad
|
0-0: Ball 1-0: Called Strike 1-1: Ball 2-1: Called Strike 2-2: Strikes out swinging
|
Batting: RHB Tony Reyes
|
0-0: Ball 1-0: Fly out, F9 (Flyball, 9S)
|
Top of the 2nd over - 0 run(s), 1 hit(s), 0 error(s), 2 left on base; New Hampshire 0 - Key West 0 |
BOTTOM OF THE 2ND |
Key West Barracudas batting - Pitching for New Hampshire Fisher Cats : RHP Ramón Pérez
|
Batting: RHB Luther Stoffels
|
0-0: Ball 1-0: Called Strike 1-1: SINGLE (Line Drive, 6MD)
|
Batting: LHB Jake Wells
|
0-0: Foul Ball, location: 2F 0-1: Called Strike 0-2: Foul Ball, location: 2F 0-2: Ball Luther Stoffels steals 2nd base 1-2: Strikes out swinging
|
Batting: RHB Kenny Cole
|
0-0: Ball 1-0: Ball 2-0: Foul Ball, location: 2F 2-1: Ball 3-1: Swinging Strike 3-2: Base on Balls
|
Batting: SHB Rodney Birling
|
0-0: Foul Ball, location: 2F 0-1: Called Strike 0-2: Ball 1-2: Strikes out looking
|
Batting: RHB Dan Craft
|
0-0: Foul Ball, location: 2F 0-1: Foul Ball, location: 2F 0-2: 3-RUN HOME RUN (Flyball, 7D), Distance : 396 ft
|
Batting: RHB Luis Pineda
|
0-0: Ball 1-0: Called Strike 1-1: Foul Ball, location: 2F 1-2: Ball 2-2: Ball 3-2: SINGLE (Groundball, 56D)
|
Batting: RHB Zander Tremblett
|
0-0: Swinging Strike 0-1: Called Strike 0-2: Ball 1-2: Ball Luis Pineda is caught stealing 2nd base
|
Bottom of the 2nd over - 3 run(s), 3 hit(s), 0 error(s), 0 left on base; New Hampshire 0 - Key West 3 |
TOP OF THE 3RD |
New Hampshire Fisher Cats batting - Pitching for Key West Barracudas : RHP Wilson Flores
|
Batting: RHB Lu-fang Huie
|
0-0: Called Strike 0-1: Ball 1-1: Foul Ball, location: 2F 1-2: Foul Ball, location: 2F 1-2: Ball 2-2: Foul Ball, location: 2F 2-2: Ball 3-2: Foul Ball, location: 2F 3-2: Ground out 5-3 (Groundball, 5L)
|
Batting: RHB Matt Silver
|
0-0: Ball 1-0: Fly out, F7 (Flyball, 7D)
|
Batting: LHB Sam Barnes
|
0-0: Ball 1-0: Ball 2-0: Called Strike 2-1: Ball 3-1: Foul Ball, location: 2F 3-2: Foul Ball, location: 2F 3-2: Strikes out swinging
|
Top of the 3rd over - 0 run(s), 0 hit(s), 0 error(s), 0 left on base; New Hampshire 0 - Key West 3 |
BOTTOM OF THE 3RD |
Key West Barracudas batting - Pitching for New Hampshire Fisher Cats : RHP Ramón Pérez
|
Batting: RHB Zander Tremblett
|
0-0: Ball 1-0: Ground out 4-3 (Groundball, 13)
|
Batting: RHB Carlos Miranda
|
0-0: Fly out, F9 (Flyball, 89M)
|
Batting: RHB Ramiro Gámez
|
0-0: Ground out 5-3 (Groundball, 5S)
|
Bottom of the 3rd over - 0 run(s), 0 hit(s), 0 error(s), 0 left on base; New Hampshire 0 - Key West 3 |
TOP OF THE 4TH |
New Hampshire Fisher Cats batting - Pitching for Key West Barracudas : RHP Wilson Flores
|
Batting: RHB Phil Matthews
|
0-0: SINGLE (Line Drive, 6D)
|
Batting: RHB Sadao Kimura
|
0-0: Ball 1-0: Ball 2-0: Ball 3-0: Called Strike 3-1: Foul Ball, location: 2F 3-2: Foul Ball, location: 2F 3-2: Ground out 2-3 (Groundball, 23) Phil Matthews to second
|
Batting: LHB Gustavo Lozano
|
0-0: Ball 1-0: SINGLE (Line Drive, 34) Phil Matthews to third Runner from 3rd tries for Home, SAFE, no throw or cutoff
|
Batting: RHB Billy Campbell
|
0-0: Grounds into double play, 1-6-3 (Groundball, 13)
|
Top of the 4th over - 1 run(s), 2 hit(s), 0 error(s), 0 left on base; New Hampshire 1 - Key West 3 |
BOTTOM OF THE 4TH |
Key West Barracudas batting - Pitching for New Hampshire Fisher Cats : RHP Ramón Pérez
|
Batting: RHB Luther Stoffels
|
0-0: Foul Ball, location: 2F 0-1: Ball 1-1: Swinging Strike 1-2: Foul Ball, location: 2F 1-2: SINGLE (Groundball, 56D)
|
Batting: LHB Jake Wells
|
0-0: Called Strike Luther Stoffels steals 2nd base 0-1: Ground out 4-3 (Groundball, 34) Luther Stoffels to third
|
Batting: RHB Kenny Cole
|
0-0: Ball 1-0: Called Strike 1-1: Called Strike 1-2: Strikes out swinging
|
Batting: SHB Rodney Birling
|
0-0: Foul Ball, location: 2F 0-1: Reached on error, E1 (Groundball, 23) Luther Stoffels scores
|
Batting: RHB Dan Craft
|
0-0: Ball Rodney Birling is caught stealing 2nd base
|
Bottom of the 4th over - 1 run(s), 1 hit(s), 1 error(s), 0 left on base; New Hampshire 1 - Key West 4 |
TOP OF THE 5TH |
New Hampshire Fisher Cats batting - Pitching for Key West Barracudas : RHP Wilson Flores
|
Batting: RHB Júlio Trinidad
|
0-0: Called Strike 0-1: Ball 1-1: Ball 2-1: Reached on Error, E4 (Popup, 4M)
|
Batting: RHB Tony Reyes
|
0-0: Called Strike Júlio Trinidad is caught stealing 2nd base 0-1: Ball 1-1: Foul Ball, location: 2F 1-2: Ground out 5-3 (Groundball, 56)
|
Batting: RHB Lu-fang Huie
|
0-0: Called Strike 0-1: Called Strike 0-2: Foul Ball, location: 2F 0-2: Ball 1-2: Ball 2-2: Strikes out swinging
|
Top of the 5th over - 0 run(s), 0 hit(s), 1 error(s), 0 left on base; New Hampshire 1 - Key West 4 |
BOTTOM OF THE 5TH |
Key West Barracudas batting - Pitching for New Hampshire Fisher Cats : RHP Ramón Pérez
|
Batting: RHB Dan Craft
|
0-0: Foul Ball, location: 2F 0-1: Foul Ball, location: 2F 0-2: Reached on error, E6 (Groundball, 6)
|
Batting: RHB Luis Pineda
|
0-0: Ball 1-0: Foul Ball, location: 2F 1-1: Swinging Strike 1-2: DOUBLE (Flyball, 89XD) Dan Craft scores
|
Batting: RHB Zander Tremblett
|
0-0: Intentional Walk
|
Batting: RHB Carlos Miranda
|
0-0: SINGLE (Line Drive, 4MD) Luis Pineda to third Zander Tremblett to second
|
Batting: RHB Ramiro Gámez
|
0-0: Foul Ball, location: 2F 0-1: Swinging Strike 0-2: Ball 1-2: Foul Ball, location: 2F 1-2: Strikes out swinging
|
Pitching: RHP Jeff Thompson
|
|
Batting: RHB Luther Stoffels
|
0-0: Called Strike 0-1: Ball 1-1: Ball 2-1: Fly out, F9 (Flyball, 89D) Runner from 3rd tags up, SCORES, no throw
|
Batting: LHB Jake Wells
|
0-0: Ball 1-0: Ground out 4-3 (Groundball, 34)
|
Bottom of the 5th over - 2 run(s), 2 hit(s), 1 error(s), 2 left on base; New Hampshire 1 - Key West 6 |
TOP OF THE 6TH |
New Hampshire Fisher Cats batting - Pitching for Key West Barracudas : RHP Wilson Flores
|
Batting: RHB Matt Silver
|
0-0: Ball 1-0: Called Strike 1-1: SINGLE (Groundball, 56D)
|
Pitching: RHP Carlos Molina
|
|
Batting: LHB Sam Barnes
|
0-0: Called Strike 0-1: Fly out, F7 (Line Drive, 7M)
|
Batting: RHB Phil Matthews
|
0-0: Fielders Choice at 2nd, 5-4 (Groundball, 56)
|
Batting: RHB Sadao Kimura
|
0-0: Ball 1-0: Swinging Strike 1-1: SINGLE (Line Drive, 6MD) Phil Matthews to second Runner from 2nd tries for 3rd, SAFE, throw made to third Sadao Kimura to second
|
Batting: LHB Gustavo Lozano
|
0-0: Called Strike 0-1: Swinging Strike 0-2: Ball 1-2: Ball 2-2: Ball 3-2: 3-RUN HOME RUN (Flyball, 9D), Distance : 412 ft
|
Pitching: RHP José García
|
|
Batting: RHB Billy Campbell
|
0-0: Ball 1-0: Ball 2-0: Ground out 3-1 (Groundball, 34)
|
Top of the 6th over - 3 run(s), 3 hit(s), 0 error(s), 0 left on base; New Hampshire 4 - Key West 6 |
BOTTOM OF THE 6TH |
Key West Barracudas batting - Pitching for New Hampshire Fisher Cats : RHP Jeff Thompson
|
Batting: RHB Kenny Cole
|
0-0: Called Strike 0-1: Ball 1-1: Foul Ball, location: 2F 1-2: Foul Ball, location: 2F 1-2: Strikes out swinging
|
Batting: SHB Rodney Birling
|
0-0: Ball 1-0: Called Strike 1-1: Ball 2-1: Foul Ball, location: 2F 2-2: Foul Ball, location: 2F 2-2: Foul Ball, location: 2F 2-2: Strikes out swinging
|
Batting: RHB Dan Craft
|
0-0: Called Strike 0-1: Fly out, F4 (Popup, 34D)
|
Bottom of the 6th over - 0 run(s), 0 hit(s), 0 error(s), 0 left on base; New Hampshire 4 - Key West 6 |
TOP OF THE 7TH |
New Hampshire Fisher Cats batting - Pitching for Key West Barracudas : RHP José García
|
Batting: RHB Júlio Trinidad
|
0-0: Called Strike 0-1: Ball 1-1: Swinging Strike 1-2: Fly out, F8 (Popup, 6D)
|
Batting: RHB Tony Reyes
|
0-0: Ball 1-0: Foul Ball, location: 2F 1-1: Foul Ball, location: 2F 1-2: Ground out 6-3 (Groundball, 6)
|
Batting: RHB Lu-fang Huie
|
0-0: Foul Ball, location: 2F 0-1: Called Strike 0-2: Ball 1-2: Foul Ball, location: 2F 1-2: Ball 2-2: Ball 3-2: Base on Balls
|
Batting: RHB Matt Silver
|
0-0: Ball 1-0: Fly out, F8 (Line Drive, 8LS)
|
Top of the 7th over - 0 run(s), 0 hit(s), 0 error(s), 1 left on base; New Hampshire 4 - Key West 6 |
BOTTOM OF THE 7TH |
Key West Barracudas batting - Pitching for New Hampshire Fisher Cats : RHP Jeff Thompson
|
Batting: RHB Luis Pineda
|
0-0: Foul Ball, location: 2F 0-1: Ball 1-1: Ball 2-1: Foul Ball, location: 2F 2-2: Ball 3-2: Base on Balls
|
Pitching: RHP José Romano
|
|
Batting: RHB Zander Tremblett
|
0-0: Ball 1-0: Sac Bunt - play at first, batter OUT! 2-4 Luis Pineda to second
|
Batting: RHB Carlos Miranda
|
0-0: Foul Ball, location: 2F 0-1: Foul Ball, location: 2F 0-2: Ball 1-2: Strikes out looking
|
Batting: RHB Ramiro Gámez
|
0-0: Swinging Strike 0-1: Ground out 5-3 (Groundball, 56)
|
Bottom of the 7th over - 0 run(s), 0 hit(s), 0 error(s), 1 left on base; New Hampshire 4 - Key West 6 |
TOP OF THE 8TH |
New Hampshire Fisher Cats batting - Pitching for Key West Barracudas : RHP José García
|
Batting: LHB Sam Barnes
|
0-0: Foul Ball, location: 2F 0-1: Swinging Strike 0-2: Ball 1-2: Ground out 4-3 (Groundball, 4)
|
Batting: RHB Phil Matthews
|
0-0: Foul Ball, location: 2F 0-1: Swinging Strike 0-2: Foul Ball, location: 2F 0-2: SINGLE (Groundball, 56D)
|
Pitching: RHP Chris Jones
|
|
Batting: RHB Sadao Kimura
|
0-0: Grounds into double play, 6-4-3 (Groundball, 6)
|
Top of the 8th over - 0 run(s), 1 hit(s), 0 error(s), 0 left on base; New Hampshire 4 - Key West 6 |
BOTTOM OF THE 8TH |
Key West Barracudas batting - Pitching for New Hampshire Fisher Cats : RHP José Romano
|
Batting: RHB Luther Stoffels
|
0-0: Ball 1-0: Called Strike 1-1: DOUBLE (Groundball, 5L)
|
Batting: LHB Jake Wells
|
0-0: Ball 1-0: Sac Bunt - play at third, runner OUT! 1-6
|
Batting: RHB Kenny Cole
|
0-0: Ground out 4-3 (Groundball, 4M) Jake Wells to second
|
Batting: SHB Rodney Birling
|
0-0: Ball 1-0: Called Strike 1-1: Ground out 4-3 (Groundball, 4)
|
Bottom of the 8th over - 0 run(s), 1 hit(s), 0 error(s), 1 left on base; New Hampshire 4 - Key West 6 |
TOP OF THE 9TH |
New Hampshire Fisher Cats batting - Pitching for Key West Barracudas : RHP Chris Jones
|
Pitching: RHP Charlie Alexander
|
|
Batting: LHB Gustavo Lozano
|
0-0: Called Strike 0-1: Swinging Strike 0-2: Foul Ball, location: 2F 0-2: Strikes out swinging
|
Batting: RHB Billy Campbell
|
0-0: Ball 1-0: Ball 2-0: Fly out, F8 (Flyball, 8RS)
|
Batting: RHB Júlio Trinidad
|
0-0: Ball 1-0: Foul Ball, location: 2F 1-1: Ball 2-1: Fly out, F7 (Flyball, 7M)
|
Top of the 9th over - 0 run(s), 0 hit(s), 0 error(s), 0 left on base; New Hampshire 4 - Key West 6 |
|